Map: New Repugnancy LE

Players

Kelazhur - Winner!

  • Race: Terran Terran
  • Spawn Location: 1:00

Elazer

  • Race: Zerg Zerg
  • Spawn Location: 7:00

Event: 2019 WCS Spring

VOD

Have the link to the VOD?

Description

Time

  • Played on: May 18, 2019, 9:11 a.m.
  • Length: 14:22

All games in this series

Show
View Real Time Build Order
Export as new Build Order

Kelazhur Terran - Winner!

Build Orders:  

Get SALT Encoding   

  12  0:00  SCV  
  13  0:12  SCV  
  14  0:19  Supply Depot  
  14  0:25  SCV  
  15  0:41  SCV  
  15  0:42  Barracks  
  16  0:45  Refinery  
  16  0:53  SCV  
  17  0:59  Barracks  
  17  1:05  SCV  
  18  1:17  SCV  
  19  1:20  Barracks  
  19  1:29  Reaper  
  20  1:37  Orbital Command  
  20  1:42  Refinery  
  20  1:47  Reaper  
  21  1:55  Supply Depot  
  21  2:03  SCV  
  21  2:05  Reaper  
  23  2:11  Supply Depot  
  23  2:16  Reaper  
  23  2:17  SCV  
  25  2:24  Reaper  
  25  2:29  SCV  
  27  2:37  Reaper  
  27  2:41  SCV  
  29  2:48  Reaper  
  29  2:51  Supply Depot  
  30  2:53  SCV  
  30  2:57  Reaper  
  32  3:05  SCV  
  32  3:09  Reaper  
  34  3:17  SCV  
  35  3:20  Reaper  
  36  3:29  Reaper  
  36  3:30  SCV, Command Center  
  38  3:41  Reaper  
  38  3:42  SCV  
  40  3:50  Supply Depot  
  40  3:53  Factory  
  40  3:54  SCV  
  40  4:14  SCV  
  41  4:17  Reaper, Command Center  
  41  4:18  Reaper x2  
  43  4:36  SCV  
  44  4:47  Orbital Command  
  44  4:48  SCV  
  44  4:50  Marine x2  
  44  4:52  Marine  
  47  5:05  SCV  
  48  5:08  Factory Reactor  
  48  5:09  Barracks Tech Lab  
  48  5:11  Starport  
  48  5:13  SCV  
  49  5:17  SCV  
  50  5:25  SCV  
  50  5:27  Refinery  
  51  5:28  Refinery  
  51  5:29  SCV  
  46  5:37  SCV  
  46  5:38  Marine  
  46  5:41  SCV  
  46  5:42  Orbital Command  
  43  5:45  Hellion x2  
  43  5:49  SCV  
  48  5:53  SCV  
  48  5:56  Banshee, Cloaking Field  
  52  6:01  SCV  
  53  6:04  Factory x2  
  53  6:06  SCV, Hellion x2  
  53  6:08  SCV  
  59  6:12  Armory  
  59  6:13  SCV  
  60  6:18  SCV  
  60  6:20  SCV  
  60  6:25  SCV  
  63  6:30  SCV, Orbital Command  
  63  6:32  Hellion x2  
  69  6:38  SCV  
  69  6:39  Banshee  
  72  6:42  Supply Depot  
  72  6:43  SCV  
  73  6:50  SCV  
  73  6:51  Factory Tech Lab x2  
  74  6:56  SCV, Refinery  
  74  6:57  SCV  
  74  6:58  Hellion x2  
  80  7:02  SCV  
  80  7:04  Refinery  
  80  7:08  SCV  
  82  7:10  Supply Depot, Terran Vehicle Weapons Level 1  
  82  7:11  Cyclone x2  
  82  7:13  Mag-Field Accelerator  
  88  7:17  SCV  
  88  7:20  SCV  
  90  7:25  SCV  
  90  7:27  Hellion, Supply Depot  
  93  7:32  SCV x2, Hellion  
  93  7:33  Supply Depot  
  97  7:37  SCV  
  97  7:43  Cyclone  
  101  7:46  Factory  
  101  7:47  Factory  
  101  7:49  SCV x2, Cyclone, Banshee  
  109  7:54  SCV  
  109  7:57  Supply Depot  
  109  7:58  Hellion x2, Supply Depot  
  114  8:01  SCV x2  
  116  8:10  SCV  
  116  8:12  Command Center  
  117  8:18  SCV x2, Cyclone  
  117  8:19  Supply Depot  
  122  8:20  Supply Depot  
  122  8:21  Cyclone  
  122  8:26  SCV  
  126  8:30  SCV, Hellion x2  
  126  8:31  Factory Reactor, Factory Tech Lab  
  126  8:33  Viking  
  133  8:39  Engineering Bay  
  133  8:42  Infernal Pre-Igniter  
  133  8:46  Supply Depot  
  133  8:55  Siege Tank x3  
  142  9:01  Hellion x2  
  146  9:05  Supply Depot x2  
  146  9:12  Hellion x2  
  146  9:14  Supply Depot  
  150  9:21  Terran Vehicle Weapons Level 2, Missile Turret  
  150  9:24  Armory, Hellion x2  
  154  9:34  Starport Reactor  
  154  9:40  Siege Tank x3  
  154  9:43  Hellion x2  
  161  9:55  Liberator x2  
  161  9:58  Hellion x2  
  163  10:02  Planetary Fortress  
  163  10:03  Factory  
  163  10:04  Factory  
  163  10:06  Hellion x2  
  163  10:07  Factory  
  168  10:15  Siege Tank  
  168  10:17  Siege Tank  
  172  10:47  Hellion x4, Siege Tank  
  183  10:51  Terran Vehicle And Ship Armor Level 1  
  183  10:52  Factory Reactor, Factory Tech Lab x2  
  183  10:56  Liberator x2  
  183  11:14  Cyclone x2  
  183  11:18  Refinery x2  
  195  11:20  Command Center  
  195  11:21  Command Center  
  195  11:38  Cyclone  
  187  11:40  Cyclone x2  
  187  11:41  Hellion x2  
  187  11:43  Hellion  
  187  11:44  Smart Servos, Drilling Claws  
  155  12:37  Hellion x3  
  155  12:38  Hellion x2, Cyclone  
  155  12:39  Hellion, Cyclone  
  155  12:40  Cyclone x2  
  143  12:44  Hellion  
  143  12:49  SCV, Refinery  
  143  12:50  SCV x2, Liberator  
  132  12:58  Hellion x2  
  132  12:59  Cyclone  
  132  13:01  SCV  
  132  13:05  Liberator  
  125  13:06  Hellion x4  
  125  13:10  Cyclone  
  125  13:11  Cyclone  
  125  13:12  Cyclone x2  
  139  13:17  Hi-Sec Auto Tracking  
  136  13:20  Hellion x2  
  138  13:27  SCV x3  
  138  13:28  SCV, Hellion x2  
  138  13:29  Planetary Fortress  
  145  13:35  Hellion  
  145  13:36  Hellion  
  145  13:39  SCV  
  145  13:40  SCV  
  151  13:46  Siege Tank  
  151  13:48  Refinery  
  154  13:49  Refinery  
Show
View Real Time Build Order
Export as new Build Order

Elazer Zerg 

Build Orders: Hatch First, Swarm Host 

Get SALT Encoding   

  12  0:00  Drone  
  13  0:12  Overlord  
  13  0:17  Drone  
  14  0:30  Drone x2  
  16  0:48  Hatchery  
  15  0:51  Drone  
  15  0:55  Drone  
  17  0:58  Drone  
  18  1:08  Extractor  
  17  1:13  Spawning Pool  
  17  1:16  Drone  
  17  1:19  Drone  
  18  1:27  Drone  
  19  1:38  Drone  
  20  1:48  Overlord  
  20  1:59  Queen  
  20  2:00  Queen, Zergling x2  
  20  2:01  Zergling x2  
  26  2:08  Metabolic Boost  
  26  2:11  Zergling x2  
  26  2:14  Zergling x2  
  28  2:23  Overlord  
  28  2:24  Drone  
  29  2:32  Drone  
  30  2:39  Queen  
  32  2:46  Drone x2  
  32  2:49  Queen  
  36  2:53  Drone  
  36  2:56  Drone  
  38  3:01  Overlord  
  38  3:05  Zergling x2  
  38  3:12  Zergling x6  
  41  3:16  Zergling x4  
  42  3:23  Zergling x2  
  43  3:29  Overlord  
  43  3:31  Drone  
  44  3:40  Drone  
  44  3:41  Queen  
  46  3:42  Drone  
  46  3:45  Queen  
  49  3:49  Overlord  
  49  3:54  Drone  
  50  3:56  Drone x2  
  50  4:00  Drone x2  
  54  4:08  Zergling x6  
  57  4:15  Zergling x2  
  57  4:16  Zergling x2  
  59  4:26  Overlord  
  59  4:33  Zergling x2  
  59  4:34  Zergling x2  
  58  4:40  Zergling x2  
  57  4:45  Zergling x2  
  57  4:47  Queen  
  57  4:48  Queen  
  57  4:49  Overlord  
  57  4:51  Zergling x2  
  57  4:52  Zergling x6  
  66  5:02  Evolution Chamber  
  66  5:03  Evolution Chamber, Zergling x6  
  67  5:09  Overlord  
  67  5:10  Hatchery  
  66  5:16  Overlord  
  66  5:18  Drone  
  67  5:24  Drone x4  
  72  5:31  Hatchery  
  72  5:34  Drone x2  
  68  5:39  Drone  
  68  5:41  Zerg Ground Armor Level 1  
  66  5:46  Drone  
  67  5:52  Lair, Drone  
  67  5:56  Drone  
  69  6:00  Drone  
  70  6:05  Drone  
  70  6:08  Zerg Missile Weapons Level 1  
  70  6:10  Extractor, Roach Warren  
  70  6:11  Extractor  
  68  6:12  Drone  
  68  6:13  Spore Crawler  
  68  6:14  Spore Crawler, Drone  
  68  6:18  Drone x5  
  73  6:20  Drone  
  73  6:25  Spore Crawler  
  73  6:29  Overlord  
  73  6:30  Drone  
  74  6:37  Extractor  
  74  6:39  Drone x2  
  75  6:41  Overlord  
  75  6:42  Drone  
  75  6:43  Drone  
  75  6:44  Drone x2  
  75  6:46  Drone x2  
  80  6:50  Glial Reconstitution  
  80  6:51  Overlord  
  80  6:52  Overseer  
  80  6:55  Overlord  
  80  6:59  Infestation Pit  
  80  7:00  Roach  
  81  7:04  Roach x2  
  85  7:09  Roach  
  85  7:11  Drone x4  
  85  7:13  Drone  
  85  7:14  Drone  
  85  7:15  Drone  
  94  7:17  Drone x2  
  96  7:24  Overlord  
  96  7:25  Drone x2  
  96  7:26  Drone  
  96  7:27  Drone  
  96  7:28  Drone  
  101  7:32  Extractor  
  101  7:36  Overlord  
  100  7:41  Extractor  
  100  7:43  Drone x2  
  101  7:49  Roach x4  
  108  8:03  Zerg Missile Weapons Level 2  
  108  8:07  Hatchery, Swarm Host x6  
  125  8:17  Swarm Host x4  
  137  8:24  Roach x4  
  137  8:26  Overlord  
  145  8:28  Overlord  
  145  8:35  Nydus Network  
  144  8:41  Overlord x2  
  144  8:46  Roach  
  144  8:47  Overlord  
  146  8:54  Overlord  
  146  8:59  Roach x4  
  146  9:00  Swarm Host x3  
  146  9:01  Swarm Host  
  166  9:06  Swarm Host x2  
  172  9:11  Nydus Canal  
  172  9:12  Overlord x2  
  172  9:16  Roach x2  
  176  9:22  Ravager, Overlord  
  177  9:26  Roach x4  
  177  9:29  Nydus Canal  
  185  9:37  Roach x5  
  191  9:50  Swarm Host  
  194  9:54  Hive  
  194  9:56  Hydralisk Den  
  191  10:00  Extractor  
  191  10:01  Drone  
  191  10:02  Drone x5  
  191  10:03  Overlord  
  196  10:07  Extractor  
  195  10:14  Overlord  
  195  10:15  Roach x2  
  195  10:17  Ravager  
  186  10:50  Hydralisk x7, Muscular Augments  
  186  10:55  Nydus Canal  
  200  11:12  Nydus Canal  
  200  11:23  Overlord  
  200  11:24  Hatchery  
  197  11:30  Viper  
  194  11:46  Ravager  
  188  11:47  Ravager  
  188  11:51  Nydus Canal  
  188  11:52  Hydralisk x6  
  182  12:01  Hydralisk x9  
  182  12:07  Hydralisk x2  
  183  12:10  Overlord  
  183  12:13  Roach  
  183  12:14  Roach x5  
  195  12:19  Roach x2  
  188  12:36  Roach x2  
  188  12:37  Roach x5  
  170  12:50  Hydralisk x15  
  183  12:54  Overlord x2  
  161  13:11  Roach x7  
  161  13:23  Viper x2  
  165  13:27  Queen  
  165  13:29  Overlord, Viper  
  170  13:35  Hatchery  
  170  13:40  Roach x3  
  175  13:45  Overlord  
  175  13:48  Viper  
  166  13:56  Overlord  
  166  13:58  Hatchery  
  166  14:00  Roach x6  
Tags
 
Add a new tag
Caveats
  • Supply blocks, unpowered buildings, or Contaminate may cause inaccurate times.
  • Supply counts are checked every 10 seconds.